 Dungeon Crawl Stone Soup version 0.30-a0-949-g53dc5368d7 (webtiles) character file.

Game seed: 9183730434995922183

1395 Norrock the Spear-Bearer (level 8, -2/73 HPs)
             Began as a Merfolk Monk on Mar 27, 2023.
             Was a Priest of Hepliaklqana.
             Slain by Maggie
             ... wielding a +2 scimitar of distortion
              (12 damage)
             ... on level 6 of the Dungeon.
             The game lasted 00:43:20 (4519 turns).

Norrock the Spear-Bearer (Merfolk Monk)             Turns: 4519, Time: 00:43:22

Health: -2/73      AC: 24    Str: 24    XL:     8   Next: 68%
Magic:  8/8        EV:  2    Int:  8    God:    Hepliaklqana [***...]
Gold:   318        SH:  3    Dex: 13    Spells: 6/7 levels left

rFire   . . .      SeeInvis .    r - +1 trident (vamp)
rCold   . . .      Faith    .    e - +0 buckler
rNeg    . . .      Spirit   .    G - melded +0 scale mail
rPois   +          Reflect  .    (helmet currently unavailable)
rElec   .          Rampage  .    (cloak currently unavailable)
rCorr   .          NoTele   +    g - melded +0 pair of gloves
Will    .....                    (boots currently unavailable)
Stlth   ++                       m - amulet of the acrobat
HPRegen 0.32/turn                B - +6 ring of strength
MPRegen 0.11/turn                h - +4 ring of slaying

@: tree-form, mesmerised
A: stationary, stasis, torment immunity, boosted hp, reduced essence, (nimble
swimmer 2), (mertail), (horns 1), clumsy 1, frail 1, strong 1
a: Renounce Religion, Recall Ancestor, Ancestor Identity, Transference


You were on level 6 of the Dungeon.
You worshipped Hepliaklqana.
Hepliaklqana was most pleased with you.
You were a tree.
You visited 2 branches of the dungeon, and saw 7 of its levels.
You also visited: Ossuary.

You collected 318 gold pieces.

Inventory:

Hand Weapons
 a - a +1 spear
 r - a +1 vampiric trident (weapon)
Missiles
 f - 7 atropa-tipped darts
 k - 9 poisoned darts (quivered)
Armour
 d - a +0 ring mail
 e - a +0 buckler (worn)
 g - a +0 pair of gloves (melded)
 t - a +0 chain mail
 y - a +0 helmet
 G - a +0 scale mail (melded)
Jewellery
 b - a +5 ring of evasion
 h - a +4 ring of slaying (right branch)
 m - an amulet of the acrobat (around neck)
 u - a ring of fire
 z - a ring of poison resistance
 B - a +6 ring of strength (left branch)
 D - a ring of magical power
Wands
 v - a wand of charming (1)
Scrolls
 i - a scroll of butterflies
 j - 4 scrolls of teleportation
 q - 4 scrolls of immolation
 s - a scroll of amnesia
 w - a scroll of blinking
 x - a scroll of noise {unknown}
 E - a scroll of enchant armour {unknown}
Potions
 c - a potion of ambrosia
 l - 3 potions of berserk rage
 n - 3 potions of magic
 o - a potion of resistance
 p - 2 potions of brilliance
 A - 7 potions of curing
 C - a potion of lignification
 F - a potion of cancellation {unknown}


   Skills:
 + Level 5.3 Fighting
 * Level 11.7 Polearms
 + Level 6.5 Dodging
 - Level 2.1 Stealth
 - Level 2.0 Hexes


You had 6 spell levels left.
You knew the following spells:

 Your Spells              Type           Power      Damage    Failure   Level
a - Slow                  Hex            12%        N/A       26%         1

Your spell library contained the following spells:

 Spells                   Type           Power      Damage    Failure   Level
 Sandblast                Erth           0%         2d4       52%         1
 Sting                    Tmut/Pois      0%         1d3       52%         1
 Confusing Touch          Hex            3%         N/A       61%         3
 Passwall                 Tmut/Erth      0%         N/A       65%         2
 Poisonous Vapours        Pois/Air       0%         N/A       65%         2
 Stone Arrow              Conj/Erth      0%         3d7       87%         3
 Vampiric Draining        Necr           0%         2d6       87%         3
 Cause Fear               Hex            1%         N/A       95%         4
 Olgreb's Toxic Radiance  Pois           0%         N/A       99%         4
 Summon Forest            Summ/Tloc      0%         N/A       100%        5
 Eringya's Noxious Bog    Tmut/Pois      0%         N/A       100%        6
 Dragon Form              Tmut           0%         N/A       100%        7
 Summon Hydra             Summ           0%         N/A       100%        7
 Dragon's Call            Summ           0%         N/A       100%        9


Dungeon Overview and Level Annotations

Branches:
Dungeon (6/15)             Temple (1/1) D:5         Ossuary (visited)

Altars:
Ashenzari
Cheibriados
Dithmenos
Elyvilon
Gozag
Hepliaklqana
Kikubaaqudgha
Makhleb
Nemelex Xobeh
Qazlal
Ru
Sif Muna
Trog
Uskayaw
Vehumet
Wu Jian
Xom
Yredelemnul
Zin
The Shining One

Annotations:
D:6 Grinder, Maggie


Innate Abilities, Weirdness & Mutations

You are a tree.
Your roots penetrate the ground, keeping you stationary.
You cannot be teleported.
You are immune to unholy pain and torment.
Your maximum health is greatly increased.
Your equipment is partially melded.
Your life essence is reduced to manifest your ancestor. (-10% HP)
((You are very nimble when in or above water. (Stealth+, EV+, Speed+++)))
((Your lower body shifts to a powerful aquatic tail in water.))
((You have a pair of small horns on your head.))
You are clumsy. (Dex -2)
You are frail. (-10% HP)
Your muscles are strong. (Str +4, Int/Dex -1)


Message History

You reach to attack!
You hit the orc wizard.
The orc wizard is lightly wounded.
Cipactli blocks something's attack.
You closely miss the orc wizard. You headbutt the orc wizard.
The orc wizard is heavily wounded.
The orc wizard hits you but does no damage.
You puncture the orc wizard!
You feel better.
You kill the orc wizard!
Cipactli hits the orc with a +0 flail!
The orc dies!
Reach: r) +1 trident (vamp)
Press: ? - help, Dir - move target, f - orc
Aim: an orc, wielding a +0 flail, wearing a +0 ring mail and quivering javelins (about 28% to evade your +1 vampiric trident)
You reach to attack!
You puncture the orc!
You kill the orc!
Maggie points at you and mumbles some strange words.
The bolt of fire hits Cipactli!
Cipactli resists.
The bolt of fire hits you!!
Cipactli hits Maggie with a +0 flail.
You hit Maggie.
You feel better.
Maggie is moderately wounded.
Maggie hits you with a +2 scimitar of distortion.
Space warps around you.
Cipactli closely misses Maggie.
You are too mesmerised to rage.
You hit Maggie but do no damage. Your headbutt misses Maggie.
Maggie is moderately wounded.
Maggie hits you with a +2 scimitar of distortion!
* * * LOW HITPOINT WARNING * * *
Blink to where?
Press: ? - help, Dir - move target, f - you
Okay, then.
It was a potion of lignification.
You turn into a tree.
Your +0 pair of gloves melds into your body.
Your +0 scale mail melds into your body.
Your roots penetrate the ground.
Cipactli hits Maggie with a +0 flail.
Maggie hits you with a +2 scimitar of distortion.
* * * LOW HITPOINT WARNING * * *
Space warps horribly around you!
You die...

### #.# # #.## ##.
#..########## #...
##...........
#...##
#....<#######
......### ##..####
........####).##
........♣@#....#
....##.)R.....# .
###))....# ..###
#..#....#
......##..#....#
..........##....#
##...).(..##.....#
##o@)(...###.....#
#...o.....# .....#


You could see the friendly Cipactli the knight and Maggie (mesmerising, ally
target).

Vanquished Creatures
  Prince Ribbit (D:5)
  2 ogres (D:5)
  2 elf zombies (Ossuary)
  Dowan (D:6)
  A jelly (D:5)
  A hound (D:6)
  2 orc priests (D:6)
  A sleepcap (D:5)
  5 iguanas
  4 orc wizards (D:6)
  A mummy (Ossuary)
  6 adders
  2 white imps (D:6)
  2 adder zombies (Ossuary)
  A worm (D:4)
  2 dart slugs
  16 orcs
  3 bats
  7 endoplasms
  6 giant cockroaches
  6 goblins
  7 hobgoblins
  5 jackals
  3 quokkas
  9 ball pythons
  3 frilled lizards
  5 hobgoblin zombies (Ossuary)
  2 jackal zombies (Ossuary)
  4 kobolds
  8 kobold zombies (Ossuary)
  5 orc zombies (Ossuary)
  8 rats
131 creatures vanquished.

Vanquished Creatures (collateral kills)
  Duvessa (D:6)
  An elf zombie (Ossuary)
  An iguana (D:5)
  An orc wizard (D:6)
  A mummy (Ossuary)
  An adder zombie (Ossuary)
  7 orcs
  A goblin zombie (Ossuary)
  7 hobgoblin zombies (Ossuary)
  2 kobold zombies (Ossuary)
  An orc zombie (Ossuary)
24 creatures vanquished.

Vanquished Creatures (others)
  A knight (Ossuary)
1 creature vanquished.

Grand Total: 156 creatures vanquished

Notes
Turn   | Place    | Note
-------+----------+-------------------------------------------
     0 | D:1      | Norrock the Merfolk Monk began the quest for the Orb.
     0 | D:1      | Reached XP level 1. HP: 18/18 MP: 1/1
   192 | D:1      | Reached XP level 2. HP: 24/24 MP: 2/2
   311 | D:1      | Learned a level 1 spell: Slow
   724 | D:2      | Reached skill level 5 in Polearms
   816 | D:2      | Reached skill level 1 in Hexes
   816 | D:2      | Reached XP level 3. HP: 20/29 MP: 3/3
  1437 | D:3      | Reached XP level 4. HP: 31/35 MP: 4/4
  1450 | D:3      | Found a sacrificial altar of Ru.
  1513 | D:3      | Found a faded altar of an unknown god.
  1595 | D:3      | Reached skill level 6 in Polearms
  2078 | D:4      | Found a snail-covered altar of Cheibriados.
  2518 | D:4      | Reached XP level 5. HP: 37/41 MP: 5/5
  2563 | D:4      | Found a stormy altar of Qazlal.
  2796 | D:5      | Entered Level 5 of the Dungeon
  2808 | D:5      | Noticed Prince Ribbit
  2937 | D:5      | Found a glowing silver altar of Zin.
  2947 | D:5      | Found a staircase to the Ecumenical Temple.
  2965 | Temple   | Entered the Ecumenical Temple
  2969 | Temple   | Became a worshipper of Hepliaklqana the Forgotten
  2969 | Temple   | Reached * piety under Hepliaklqana
  2969 | Temple   | Reached ** piety under Hepliaklqana
  2970 | Temple   | Remembered your ancestor Cipactli as a knight
  3104 | D:5      | Found a sand-covered staircase.
  3112 | Ossuary  | Entered an ossuary
  3139 | Ossuary  | Reached skill level 7 in Polearms
  3241 | Ossuary  | Reached skill level 8 in Polearms
  3241 | Ossuary  | Reached XP level 6. HP: 40/42 MP: 6/6
  3292 | Ossuary  | Reached skill level 9 in Polearms
  3353 | Ossuary  | Gained mutation: Your body sometimes deteriorates upon
                  | taking damage. [potion of mutation]
  3353 | Ossuary  | Gained mutation: You are partially covered in iridescent
                  | scales. (AC +2) [potion of mutation]
  3353 | Ossuary  | Gained mutation: You are occasionally teleported next to
                  | monsters. [potion of mutation]
  3354 | Ossuary  | Lost mutation: You are partially covered in iridescent
                  | scales. (AC +2) [potion of mutation]
  3354 | Ossuary  | Lost mutation: You are occasionally teleported next to
                  | monsters. [potion of mutation]
  3354 | Ossuary  | Lost mutation: Your body sometimes deteriorates upon taking
                  | damage. [potion of mutation]
  3354 | Ossuary  | Gained mutation: You are clumsy. (Dex -2) [potion of
                  | mutation]
  3354 | Ossuary  | Gained mutation: You are frail. (-10% HP) [potion of
                  | mutation]
  3354 | Ossuary  | Gained mutation: You have hidden genetic potential. [potion
                  | of mutation]
  3393 | D:5      | Killed Prince Ribbit
  3394 | D:5      | Reached XP level 7. HP: 42/42 MP: 7/7
  3416 | D:5      | Gained mutation: You have a pair of small horns on your
                  | head. [hidden potential]
  3453 | D:5      | Reached skill level 10 in Polearms
  3455 | D:5      | Reached skill level 5 in Dodging
  3530 | D:5      | Found a bloodstained altar of Trog.
  3740 | D:5      | Reached XP level 8. HP: 48/48 MP: 8/8
  4043 | D:6      | Noticed Duvessa
  4045 | D:6      | Noticed Dowan
  4049 | D:6      | Killed Duvessa
  4050 | D:6      | Reached skill level 11 in Polearms
  4062 | D:6      | Killed Dowan
  4070 | D:6      | Gained mutation: Your muscles are strong. (Str +4, Int/Dex
                  | -1) [hidden potential]
  4070 | D:6      | Lost mutation: You have hidden genetic potential. [hidden
                  | potential expressed]
  4186 | D:6      | Reached *** piety under Hepliaklqana
  4203 | D:6      | Reached skill level 5 in Fighting
  4275 | D:6      | Noticed Grinder
  4279 | D:6      | Paralysed by Grinder for 3 turns
  4292 | D:6      | Paralysed by Grinder for 3 turns
  4491 | D:6      | Noticed Maggie
  4519 | D:6      | Slain by Maggie

Illustrated notes

Levels and vault maps discovered:
D:1:      kilobyte_arrival_exit_the_forest, layout_rooms, kennysheep_nondescript
D:2:      layout_basic, chequers_serial_rivers_micro_d
D:3:      layout_loops_cross, old_standard_altar, ebering_ecumenical_altar_webs,
          item_on_display_a
D:4:      layout_cave_pods, slow_altar_1, mainiacjoe_overflow_surrounded_room
D:5:      layout_basic, mainiacjoe_overflow_tiny_flanked,
          mainiacjoe_overflow_boulevard, minmay_temple_entry_antechambers,
          enter_ossuary_1, hangedman_decor_peaks_small, supply_closet_lemuel,
          uniq_prince_ribbit1
D:6:      layout_layer_cave, uniq_maggie, uniq_crazy_yiuf_cottage, uniq_grinder,
          uniq_duvessa
Temple:   nicolae_temple_bog_church

Skill      XL: |  1  2  3  4  5  6  7  8 |
---------------+-------------------------+-----
Polearms       | 5 6 8 9 10 11 | 11.7
Hexes          | 1 2 |  2.0
Fighting       | 4 5 |  5.3
Dodging        | 5 6 |  6.5
Stealth        | |  2.1

Action                     |  1- 3 |  4- 6 |  7- 9 || total
---------------------------+-------+-------+-------++-------
  Melee: Spear             |   105 |    23 |       ||   128
         Trident           |       |   167 |   104 ||   271
         Headbutt          |       |       |    13 ||    13
  Throw: Dart              |     3 |    10 |     8 ||    21
 Invoke: Ancestor Life: Kn |       |     1 |       ||     1
    Use: Scroll            |     4 |     8 |     2 ||    14
         Potion            |       |     2 |     1 ||     3
   Stab: Sleeping          |     4 |     2 |       ||     6
 Armour: Ring mail         |    17 |       |       ||    17
         Chain mail        |       |    58 |    14 ||    72
         Scale mail        |       |       |     8 ||     8
  Dodge: Dodged            |    34 |    48 |    14 ||    96
  Block: Buckler           |     2 |    16 |       ||    18

Table legend: (Time is in decaauts)
 A = Elapsed time spent in this place.
 B = Non-inter-level travel time spent in this place.
 C = Inter-level travel time spent in this place.
 D = Time resting spent in this place.
 E = Time spent auto-exploring this place.
 F = Levels seen in this place.
 G = Mean time per level.
                   A        B        C        D        E       F      G
               +--------+--------+--------+--------+--------+-----+--------+
         Total |   4445 |   4330 |    115 |    263 |   2068 |   8 |  555.6 |
       Dungeon |   4092 |   3981 |    111 |    263 |   1982 |   6 |  682.0 |
        Temple |    103 |     99 |      4 |      0 |     85 |   1 |  103.0 |
       Ossuary |    248 |    248 |      0 |      0 |      0 |   1 |  248.0 |
               +--------+--------+--------+--------+--------+-----+--------+

Top non-repeatable levels by time:
     D:5: 894 daAuts
     D:4: 873 daAuts
     D:1: 728 daAuts
     D:2: 678 daAuts
     D:3: 598 daAuts
     D:6: 319 daAuts
 Ossuary: 248 daAuts
  Temple: 103 daAuts
